cohdb
Replays
Latest Replays
All Replays
Popular Replays
Top Player Replays
Match Explorer
How It Works
Community
CoH3 Stats
Reddit
Sign in to upload your games and track your stats! →
Sign in with Steam
Match 39631860
Unlisted
Match 39631860
Overview
Messages
Build Orders
End
Vickers Machine Gun Team
Construct Section Command Post
Selects Canadian Shock Battlegroup
Royal Engineer Section
Dingo Light Scout Car
Construct Platoon Command Post
Selects Attacking Spirit
Selects Canadian Shock Section
Canadian Shock Section
Humber Armored Car
Selects Incendiary Munitions
Canadian Shock Section
CMP 15cwt Truck
6-pounder Anti-tank Gun Team
Selects Pyrotechnics
Royal Engineer Section
Construct Company Command Post
Unlock M3 Stuart Light Tanks
M3 Stuart Light Tank
BladeRunner
Osmose
Slavija
UH|dun! ツ
UH|XTC
iceman
0
0
Comments
sign in to comment!
No comments posted yet!